 Dungeon Crawl Stone Soup version 0.26-a0-940-gf7e0b5f775 (webtiles) character file.

Game seed: 14084319330384243115

3798 melchizedek the Grappler (level 9, -11/80 HPs)
             Began as a Troll Warper on Nov 28, 2020.
             Was a Follower of Wu Jian.
             Mangled by a boulder beetle (22 damage)
             ... on level 8 of the Dungeon.
             The game lasted 00:22:16 (6452 turns).

melchizedek the Grappler (Troll Warper)             Turns: 6452, Time: 00:22:17

Health: -11/80     AC:  7    Str: 22    XL:     9   Next: 96%
Magic:  9/9        EV: 11    Int: 11    God:    Wu Jian [*.....]
Gold:   472        SH:  0    Dex:  9    Spells: 8/10 levels left

rFire    . . .     SeeInvis .     - Unarmed
rCold    . . .     Faith    .   (no shield)
rNeg     . . .     Spirit   .   a - +0 robe
rPois    +         Reflect  .   (helmet restricted)
rElec    .         Harm     .   j - +0 cloak
rCorr    .         Rampage  .   (gloves unavailable)
MR       .....                  (boots unavailable)
Stlth    ++........             (no amulet)
HPRegen  0.63/turn              s - ring of poison resistance
MPRegen  0.11/turn              H - ring of stealth

@: no status effects
A: large, unfitting armour, claws 3, regeneration 1, shaggy fur 1, tough skin 3
a: Renounce Religion


You were on level 8 of the Dungeon.
You worshipped Wu Jian.
Wu Jian was aware of your devotion.
You visited 2 branches of the dungeon, and saw 9 of its levels.

You collected 472 gold pieces.

Inventory:

Missiles
 d - 3 boomerangs of dispersal (quivered)
 v - 4 boomerangs
 w - 5 silver boomerangs
Armour
 a - a +0 robe (worn)
 j - a +0 cloak (worn)
Magical Staves
 D - an uncursed staff of cold
Jewellery
 s - a ring of poison resistance (left claw)
 B - an uncursed ring of positive energy
 H - a ring of stealth (right claw)
Wands
 b - a wand of random effects (17)
 u - a wand of polymorph (10)
 x - a wand of iceblast (5)
 G - a wand of disintegration (6)
Scrolls
 c - 2 scrolls of blinking
 h - 3 scrolls of random uselessness {unknown}
 i - 3 scrolls of enchant weapon {unknown}
 k - 2 scrolls of noise {unknown}
 n - 9 scrolls of remove curse
 o - a scroll of magic mapping
 q - 2 scrolls of amnesia
 y - a scroll of teleportation
 C - 3 scrolls of identify
 E - a scroll of enchant armour
 F - 2 scrolls of fog {unknown}
Potions
 e - 2 potions of degeneration
 f - 3 potions of magic
 g - a potion of berserk rage
 l - 3 potions of lignification
 m - 4 potions of curing
 p - a potion of attraction
 r - a potion of resistance
 t - a potion of invisibility
 z - a potion of mutation
 A - a potion of might


   Skills:
 + Level 2.8 Fighting
 + Level 1.1 Throwing
 * Level 4.8 Dodging
 - Level 0.9 Stealth
 * Level 12.1 Unarmed Combat
 + Level 1.3 Spellcasting
 * Level 3.4 Translocations


You had 8 spell levels left.
You knew the following spells:

 Your Spells              Type           Power        Failure   Level
a - Blink                 Tloc           N/A          12%         2

Your spell library contained the following spells:

 Spells                   Type           Power        Failure   Level
 Gell's Gravitas          Tloc           #.........   24%         3
 Lesser Beckoning         Tloc           #.........   24%         3
 Teleport Other           Tloc           #.......     24%         3
 Passage of Golubria      Tloc           N/A          61%         4


Dungeon Overview and Level Annotations

Branches:
Dungeon (8/15)             Temple (1/1) D:7
   Lair: D:8-11

Altars:
Ashenzari
Cheibriados
Dithmenos
Elyvilon
Fedhas
Gozag
Hepliaklqana
Kikubaaqudgha
Makhleb
Nemelex Xobeh
Okawaru
Qazlal
Ru
Sif Muna
Trog
Uskayaw
Vehumet
Wu Jian
Xom
Yredelemnul
Zin
The Shining One

Portals:
Abyss: D:3


Innate Abilities, Weirdness & Mutations

You are too large for most types of armour.
You have claws for hands.
Your natural rate of healing is unusually fast.
You are covered in fur. (AC +1)
You have extremely tough skin. (AC +3)


Message History

You claw the boulder beetle!
The boulder beetle is moderately wounded.
The boulder beetle bites you.
You scratch the boulder beetle.
You claw the boulder beetle, but do no damage.
The boulder beetle is moderately wounded.
The boulder beetle bites you!!
You scratch the boulder beetle.
The boulder beetle is moderately wounded.
The boulder beetle bites you.
You scratch the boulder beetle but do no damage.
The boulder beetle is moderately wounded.
You claw the boulder beetle!
The boulder beetle is heavily wounded.
The boulder beetle bites you!!
* * * LOW HITPOINT WARNING * * *
You scratch the boulder beetle but do no damage.
The boulder beetle is heavily wounded.
The boulder beetle bites you!!
You die...

.....##
#.........#
.....###....#...##
#.#........##.##
#..........# ##
##......<###
###(.....##
.........##
..#..#....#####
#.##.....@B.# ...
#....###..# ...
#....# .# ..
##.### .# ... #
##.# .. ..


You could see a boulder beetle.

Vanquished Creatures
  Harold (D:7)
  Grinder (D:5)
  Edmund (D:4)
  The ghost of Bargorn the Digger, an amateur GnWn (D:3)
  Duvessa (D:7)
  3 orc warriors
  2 ice beasts
  2 phantoms
  3 centaurs
  2 ogres
  2 small abominations (D:3)
  A big kobold (D:3)
  2 bullfrogs
  Dowan (D:7)
  A howler monkey (D:5)
  2 bullfrog zombies (D:5)
  A quasit (D:5)
  6 orc priests
  A bullfrog skeleton (D:7)
  A jelly (D:7)
  7 orc wizards
  Terence (D:2)
  An iguana (D:6)
  3 worker ants
  A howler monkey skeleton (D:4)
  11 adders
  13 gnolls
  A white imp (D:8)
  2 oozes
  2 adder skeletons
  An adder zombie (D:4)
  3 worms
  2 dart slugs (D:1)
  5 leopard geckos
  45 orcs
  7 giant cockroaches
  11 goblins
  10 hobgoblins
  10 jackals (D:1)
  7 kobolds
  5 quokkas
  2 ball pythons
  6 bats
  7 frilled lizards
  2 quokka skeletons
  4 rats (D:1)
204 creatures vanquished.

Notes
Turn   | Place    | Note
-------+----------+-------------------------------------------
     0 | D:1      | melchizedek the Troll Warper began the quest for the Orb.
     0 | D:1      | Reached XP level 1. HP: 19/19 MP: 1/1
    48 | D:1      | Reached XP level 2. HP: 23/27 MP: 2/2
   187 | D:1      | Reached XP level 3. HP: 14/35 MP: 3/3
   244 | D:1      | Learned a level 2 spell: Blink
   716 | D:1      | Reached skill level 3 in Unarmed Combat
   828 | D:2      | Reached XP level 4. HP: 40/42 MP: 4/4
  1152 | D:2      | Noticed Terence
  1161 | D:2      | Killed Terence
  1162 | D:2      | Reached skill level 4 in Unarmed Combat
  1162 | D:2      | Reached XP level 5. HP: 46/49 MP: 5/5
  1881 | D:3      | Noticed a small abomination
  1885 | D:3      | Reached skill level 5 in Unarmed Combat
  1889 | D:3      | Reached XP level 6. HP: 46/57 MP: 6/6
  1909 | D:3      | Found a transporter.
  2148 | D:3      | Found a transporter.
  2377 | D:3      | Reached skill level 6 in Unarmed Combat
  2382 | D:3      | Reached XP level 7. HP: 29/65 MP: 7/7
  2438 | D:3      | Noticed Bargorn's ghost (amateur GnWn)
  2445 | D:3      | Killed Bargorn's ghost
  2446 | D:3      | Reached skill level 7 in Unarmed Combat
  2468 | D:3      | Found a one-way gate to the infinite horrors of the Abyss.
  2679 | D:4      | Found a sand-covered staircase.
  2773 | D:4      | Noticed Edmund
  2794 | D:4      | Reached skill level 8 in Unarmed Combat
  2836 | D:4      | Killed Edmund
  2837 | D:4      | Reached XP level 8. HP: 43/72 MP: 8/8
  3397 | D:4      | Reached skill level 9 in Unarmed Combat
  3562 | D:5      | Entered Level 5 of the Dungeon
  3740 | D:5      | Reached skill level 1 in Throwing
  4040 | D:5      | Noticed Grinder
  4054 | D:5      | Killed Grinder
  4055 | D:5      | Reached skill level 10 in Unarmed Combat
  4489 | D:6      | Reached XP level 9. HP: 78/80 MP: 9/9
  4705 | D:6      | Found a shadowy altar of Dithmenos.
  5074 | D:7      | Found a staircase to the Ecumenical Temple.
  5118 | Temple   | Entered the Ecumenical Temple
  5291 | Temple   | Became a worshipper of the Wu Jian Council
  5526 | D:7      | Noticed Dowan
  5531 | D:7      | Noticed Duvessa
  5539 | D:7      | Noticed Harold
  5894 | D:7      | Killed Harold
  5895 | D:7      | Reached skill level 11 in Unarmed Combat
  5928 | D:7      | Killed Dowan
  6085 | D:7      | Killed Duvessa
  6094 | D:6      | Reached skill level 12 in Unarmed Combat
  6228 | D:7      | Reached * piety under Wu Jian
  6441 | D:8      | Noticed a boulder beetle
  6452 | D:8      | Mangled by a boulder beetle

Illustrated notes

Levels and vault maps discovered:
D:1:      lightli_arrival_boilingwater, layout_loops_cross, minmay_circled_x
D:2:      layout_basic, uniq_terence
D:3:      layout_basic, gammafunk_ghost_abyssal_escape, lightli_corner_chamber
D:4:      layout_basic, nicolae_ossuary_entry_ruins, uniq_edmund
D:5:      layout_cave_pools, uniq_grinder
D:6:      layout_cave_pods, lemuel_round_altar, hangedman_decor_points
D:7:      layout_rooms, minmay_temple_entry_butterflies, corexii_checkpoint_a,
          uniq_duvessa, uniq_harold
D:8:      layout_rooms, gammafunk_ghost_necromancy,
          nicolae_tso_swordbearing_angel
Temple:   minmay_crystal_snake_temple

Skill      XL: |  1  2  3  4  5  6  7  8  9 |
---------------+----------------------------+-----
Dodging        | 2 3 4 |  4.8
Unarmed Combat | 3 4 5 6 8 10 12 | 12.1
Fighting       | 2 |  2.8
Throwing       | 1 |  1.1
Translocations | 3 |  3.4
Stealth        | |  0.9
Spellcasting   | |  1.3

Action                   |  1- 3 |  4- 6 |  7- 9 || total
-------------------------+-------+-------+-------++-------
Melee: Unarmed           |   112 |   138 |   359 ||   609
       Punch             |     1 |     3 |    12 ||    16
Throw: Boomerang         |       |       |     4 ||     4
 Cast: Blink             |       |       |     3 ||     3
Invok: Lunge             |       |       |     6 ||     6
Evoke: Wand              |       |       |     1 ||     1
  Use: Scroll            |       |     8 |     8 ||    16
 Stab: Sleeping          |       |     1 |     1 ||     2
Armor: Robe              |    48 |    44 |   112 ||   204
Dodge: Dodged            |    66 |    49 |   166 ||   281

Table legend: (Time is in decaauts)
 A = Elapsed time spent in this place.
 B = Non-inter-level travel time spent in this place.
 C = Inter-level travel time spent in this place.
 D = Time resting spent in this place.
 E = Time spent auto-exploring this place.
 F = Levels seen in this place.
 G = Mean time per level.
                   A        B        C        D        E       F      G
               +--------+--------+--------+--------+--------+-----+--------+
         Total |   6392 |   5900 |    492 |    752 |   3364 |   9 |  710.2 |
       Dungeon |   6197 |   5744 |    453 |    752 |   3213 |   8 |  774.6 |
        Temple |    194 |    155 |     39 |      0 |    151 |   1 |  194.0 |
               +--------+--------+--------+--------+--------+-----+--------+

Top non-repeatable levels by time:
     D:3: 1102 daAuts
     D:6: 1023 daAuts
     D:4: 956 daAuts
     D:2: 810 daAuts
     D:1: 802 daAuts
     D:5: 739 daAuts
     D:7: 721 daAuts
  Temple: 194 daAuts
     D:8: 41 daAuts
